Map: Para Site LE

Players

Reaper - Winner!

  • Race: Zerg Zerg
  • League: Master
  • Spawn Location: 5:00

Duck

  • Race: Zerg Zerg
  • League: Diamond
  • Spawn Location: 11:00

VOD

Have the link to the VOD?

Description

Time

  • Played on: Oct. 7, 2018, 4:04 p.m.
  • Length: 4:01
Show
View Real Time Build Order
Export as new Build Order

Reaper Zerg - Winner!

Build Orders: Pool First 

Get SALT Encoding   

  12  0:00  Drone  
  13  0:12  Overlord  
  13  0:16  Drone  
  14  0:31  Drone x2  
  14  0:34  Drone  
  17  0:45  Spawning Pool  
  17  0:48  Drone  
  17  0:51  Extractor  
  17  1:11  Hatchery  
  16  1:13  Drone  
  16  1:15  Drone  
  16  1:18  Extractor  
  17  1:20  Drone  
  18  1:28  Drone  
  19  1:33  Queen  
  21  1:41  Overlord  
  21  1:49  Drone  
  22  2:00  Drone  
  23  2:13  Queen  
  23  2:14  Overlord  
  25  2:23  Evolution Chamber  
  25  2:25  Baneling Nest, Drone x2  
  25  2:33  Zergling x2  
  25  2:34  Zergling x2  
  27  2:43  Zergling x2  
  28  2:46  Drone  
  28  2:47  Drone x2  
  31  2:54  Drone  
  31  2:55  Drone  
  33  3:17  Hatchery, Extractor, Drone  
  33  3:18  Drone x2  
  33  3:19  Drone  
  35  3:35  Drone x3  
  35  3:41  Zergling x6  
  40  3:42  Baneling  
Show
View Real Time Build Order
Export as new Build Order

Duck Zerg 

Build Orders: Hatch First 

Get SALT Encoding   

  12  0:01  Drone  
  13  0:13  Overlord  
  13  0:17  Drone  
  14  0:32  Drone x2  
  16  0:39  Drone  
  17  0:53  Hatchery  
  17  0:56  Drone  
  17  1:00  Drone  
  18  1:11  Extractor  
  18  1:16  Spawning Pool  
  18  1:18  Drone  
  17  1:21  Drone  
  18  1:30  Drone  
  19  1:52  Overlord  
  19  2:04  Queen  
  19  2:05  Queen  
  19  2:06  Zergling x4  
  19  2:07  Zergling x2  
  26  2:12  Drone  
  26  2:13  Metabolic Boost  
  27  2:17  Drone  
  28  2:34  Zergling x4  
  28  2:35  Zergling x2  
  31  2:43  Overlord  
  31  2:46  Zergling x2  
  31  2:50  Zergling x2  
  33  2:55  Zergling x2  
  34  3:09  Zergling x4  
  34  3:11  Baneling Nest  
  35  3:13  Zergling x8  
  39  3:22  Zergling x8  
  43  3:31  Zergling x2  
Tags
 
Add a new tag
Caveats
  • Supply blocks, unpowered buildings, or Contaminate may cause inaccurate times.
  • Supply counts are checked every 10 seconds.